 Dungeon Crawl Stone Soup version 0.29.0-4-gdea44cf6ec (webtiles) character file.

Game seed: 6499263348657527004

9 qw the Chopper (level 2, -2/17 HPs)
             Began as a Tengu Warper on Aug 28, 2022.
             Frozen to death by an endoplasm (5 damage)
             ... on level 1 of the Dungeon.
             The game lasted 00:00:01 (207 turns).

qw the Chopper (Tengu Warper)                        Turns: 207, Time: 00:00:01

Health: -2/17      AC:  3    Str: 11    XL:     2   Next: 12%
Magic:  6/6        EV: 11    Int: 13    God:
Gold:   7          SH:  0    Dex: 13    Spells: 5/5 levels left

rFire   . . .      SeeInvis .   a - +0 hand axe
rCold   . . .      Faith    .   (no shield)
rNeg    . . .      Spirit   .   b - +0 leather armour
rPois   .          Reflect  .   (helmet restricted)
rElec   .          Harm     .   (no cloak)
rCorr   .          Rampage  .   (no gloves)
Will    .....                   (boots unavailable)
Stlth   +.........              (no amulet)
HPRegen 0.05/turn               (no ring)
MPRegen 0.10/turn               (no ring)

@: no status effects
A: beak, talons 3
a: no special abilities


You were on level 1 of the Dungeon.
You visited 1 branch of the dungeon, and saw 1 of its levels.

You collected 7 gold pieces.


Innate Abilities, Weirdness & Mutations

You have a beak for a mouth.
You have claws for feet.


   Skills:
 - Level 2.0 Fighting
 + Level 3.1 Axes
 - Level 1.0 Throwing
 - Level 1.1 Armour
 - Level 2.1 Dodging
 - Level 2.0 Spellcasting
 - Level 2.4 Translocations


You had 5 spell levels left.
You didn't know any spells.
Your spell library contained the following spells:

 Spells                   Type           Power      Damage    Failure   Level
 Blink                    Tloc           14%        N/A       19%         2
 Gell's Gravitas          Tloc           7%         N/A       36%         3
 Lesser Beckoning         Tloc           7%         N/A       36%         3
 Teleport Other           Tloc           7%         N/A       36%         3
 Manifold Assault         Tloc           7%         N/A       98%         5

Inventory:

Hand Weapons
 a - a +0 hand axe (weapon)
Missiles
 d - 7 boomerangs of dispersal (quivered)
Armour
 b - a +0 leather armour (worn)
Scrolls
 c - a scroll of blinking

Dungeon Overview and Level Annotations

Branches:
Dungeon (1/15)

Altars:


Message History

Found a scroll labelled ZIYGHI ODWOAK.
The dart slug launches a dart at you. The slug dart hits you.
You hit the dart slug but do no damage. You hit the dart slug.
The dart slug is heavily wounded.
The dart slug bites you but does no damage.
You hit the dart slug.
The dart slug is almost dead.
The dart slug bites you.
You hit the dart slug.
You kill the dart slug!
You start resting.
HP restored.
A dart slug comes into view.
The dart slug launches a dart at you. The slug dart hits you.
An endoplasm comes into view.
A quokka comes into view.
Found 6 stones.
The quokka moves out of view.
The dart slug launches a dart at you. The slug dart hits you.
You hit the dart slug. You claw the dart slug!
The dart slug is almost dead.
The dart slug launches a dart at you. The slug dart hits you.
You hit the dart slug.
You kill the dart slug!
Your Axes skill increases to level 3!
You have reached level 2!
You hit the endoplasm but do no damage.
You claw the endoplasm, but do no damage.
Your peck misses the endoplasm.
The endoplasm jiggles.
The endoplasm hits you but does no damage.
You hit the quokka but do no damage. You hit the endoplasm.
The quokka closely misses you. The endoplasm freezes you.
You are frozen.
You die...

#### .......
........... #..
.....(.
##########.##?......
#...................
..................
....>....rJ.......
#......@#.$.
#.............#
#......#$......
##.###..............
....................
.....#..#...#....##.
.....+......#......
.... #.............
#### #..#.#......


You could see an endoplasm and a quokka.

Vanquished Creatures
  3 dart slugs (D:1)
  A rat (D:1)
4 creatures vanquished.

Notes
Turn   | Place    | Note
-------+----------+-------------------------------------------
     0 | D:1      | qw the Tengu Warper began the quest for the Orb.
     0 | D:1      | Reached XP level 1. HP: 12/12 MP: 4/4
     0 | D:1      | 0 ||| qw: Version: 0.1-a-89-g26bdef1
     0 | D:1      | 0 ||| qw: Game counter: 818
     0 | D:1      | 0 ||| qw: Always use a shield: true
     0 | D:1      | 0 ||| qw: God list: Okawaru
     0 | D:1      | 0 ||| qw: Allow faded altars: false
     0 | D:1      | 0 ||| qw: Do Orc after D:15 true
     0 | D:1      | 0 ||| qw: Do second Lair branch before Depths: true
     0 | D:1      | 0 ||| qw: Lair rune preference: random
     0 | D:1      | 0 ||| qw: Plans: Normal
     0 | D:1      | 0 ||| PLANNING D:1-11
    34 | D:1      | 34 ||| Stepping ~*~*~tactically~*~*~ (hiding).
   136 | D:1      | 136 ||| Stepping ~*~*~tactically~*~*~ (hiding).
   204 | D:1      | HP: 2/12 [dart slug/slug dart (4)]
   206 | D:1      | Reached skill level 3 in Axes
   206 | D:1      | Reached XP level 2. HP: 3/17 MP: 6/6
   207 | D:1      | Frozen to death by an endoplasm

Levels and vault maps discovered:
D:1:      shiori_arrival_maze, layout_basic,
          shapermc_ecumenical_altar_rom_forum, minmay_misc_feat_rugged

Skill      XL: |  1 |
---------------+----+-----
Axes           | 3 |  3.1
Fighting       | |  2.0
Throwing       | |  1.0
Armour         | |  1.1
Dodging        | |  2.1
Spellcasting   | |  2.0
Translocations | |  2.4

Action                   || total
-------------------------++-------
Melee: Hand axe          ||    13
       Kick              ||     2
       Peck              ||     1
Armor: Leather armour    ||     3
Dodge: Dodged            ||     3

Table legend:
 A = Non-vault XP
 B = Vault XP
 C = Vault XP percentage of total XP
 D = Non-vault monster count
 E = Vault monster count
 F = Vault count percentage of total count
                 A         B        C        D         E       F
            +---------+---------+-------+---------+---------+-------
      Total |      12 |       1 |   7.7 |       3 |       1 |  25.0
            +---------+---------+-------+---------+---------+-------
        D:1 |      12 |       1 |   7.7 |       3 |       1 |  25.0
            +---------+---------+-------+---------+---------+-------
